General information
- name: BNet
- type: Ladder team game (AT/RT)
- host: Battle.net
- saver: TALONSAREIMBA
map: DragonFalls
- players: 8
- length: 21:39
- speed: Fast
- version: 1.24 W3XP
- replay type: Public
» download(185 KB)
Players
team 1 (loser)
ETrapedmydog (
teal | 46 APM | 993 actions | 21:22)
5 Mountain King
3 Storm Bolt
2 Bash
3 Paladin
2 Holy Light
1 Divine Shield
» actions
| Assign group hotkey | 6 | |
| Basic commands | 67 | |
| Build / train | 110 | |
| Enter build submenu | 20 | |
| Enter hero's abilities submenu | 8 | |
| Give item / drop item | 3 | |
| Right click | 323 | |
| Select / deselect | 275 | |
| Select group hotkey | 95 | |
| Use ability | 86 | |
993 total
» units
| Peasant | 19 | |
| Footman | 5 | |
| Rifleman | 8 | |
| Flying Machine | 39 | |
71 total
» upgrades
| Defend | 1 | |
| Gunpowder | 2 | |
| Long Rifles | 1 | |
| Lumber Harvesting | 2 | |
| Armor | 1 | |
| Plating | 2 | |
| Barrage | 1 | |
| Flak Cannons | 1 | |
| Masonry | 1 | |
12 total
» buildings
| Altar of Kings | 1 | |
| Farm | 8 | |
| Barracks | 1 | |
| Scout Tower | 3 | |
| Arcane Tower | 2 | |
| Lumber Mill | 1 | |
| Town Hall | 1 | |
| Arcane Vault | 1 | |
| Keep | 1 | |
| Blacksmith | 1 | |
| Castle | 1 | |
| Workshop | 2 | |
23 total
» build order
00:09 Altar of Kings
00:22 Farm
00:25 Barracks
00:54 Farm
01:42 Farm
02:13 Scout Tower
02:50 Arcane Tower
03:14 Lumber Mill
04:12 Town Hall
05:10 Arcane Vault
05:32 Keep
05:39 Blacksmith
06:14 Scout Tower
07:07 Farm
07:09 Arcane Tower
08:04 Castle
08:11 Farm
09:00 Farm
10:01 Workshop
10:08 Workshop
10:12 Scout Tower
11:55 Farm
20:13 Farm
» items
| Lesser Clarity Potion | 5 | |
| Scroll of Regeneration | 5 | |
| Scroll of Town Portal | 2 | |
| Boots of Speed | 1 | |
13 total

»
TALONSAREIMBA (
purple | 130 APM | 2817 actions | 21:39)
5 Mountain King
3 Storm Bolt
2 Bash
2 Paladin
1 Holy Light
1 Devotion Aura
» actions
| Assign group hotkey | 26 | |
| Basic commands | 116 | |
| Build / train | 85 | |
| ESC pressed | 1 | |
| Enter build submenu | 35 | |
| Enter hero's abilities submenu | 8 | |
| Right click | 1503 | |
| Select / deselect | 587 | |
| Select group hotkey | 363 | |
| Use ability | 93 | |
2817 total
» units
| Peasant | 26 | |
| Footman | 8 | |
| Gryphon Rider | 10 | |
| Dragonhawk Rider | 2 | |
46 total
» upgrades
| Masonry | 1 | |
| Animal War Training | 1 | |
| Storm Hammers | 1 | |
| Swords | 1 | |
4 total
» buildings
| Altar of Kings | 1 | |
| Farm | 9 | |
| Barracks | 1 | |
| Lumber Mill | 3 | |
| Scout Tower | 10 | |
| Arcane Tower | 1 | |
| Keep | 1 | |
| Arcane Vault | 2 | |
| Town Hall | 1 | |
| Guard Tower | 6 | |
| Castle | 2 | |
| Blacksmith | 1 | |
| Gryphon Aviary | 2 | |
40 total
» build order
00:05 Altar of Kings
00:08 Farm
00:21 Farm
00:26 Barracks
01:45 Lumber Mill
01:49 Farm
02:46 Scout Tower
03:41 Arcane Tower
04:09 Keep
04:37 Arcane Vault
05:23 Town Hall
05:28 Scout Tower
05:53 Farm
06:01 Farm
06:17 Guard Tower
07:08 Scout Tower
07:34 Guard Tower
08:37 Castle
08:37 Castle
08:39 Farm
09:01 Blacksmith
10:03 Gryphon Aviary
10:05 Gryphon Aviary
10:19 Lumber Mill
13:19 Scout Tower
13:21 Scout Tower
13:22 Scout Tower
13:31 Scout Tower
13:45 Guard Tower
13:49 Guard Tower
13:49 Guard Tower
13:51 Scout Tower
13:52 Scout Tower
13:55 Scout Tower
14:02 Farm
14:03 Farm
14:32 Guard Tower
18:35 Lumber Mill
18:41 Farm
20:15 Arcane Vault
» items
| Scroll of Regeneration | 1 | |
| Lesser Clarity Potion | 2 | |
| Potion of Healing | 5 | |
| Potion of Mana | 4 | |
| Scroll of Town Portal | 3 | |
15 total
RETARDEDH0M0 (
orange | 124 APM | 2678 actions | 21:39)
5 Death Knight
3 Death Coil
2 Unholy Aura
3 Dreadlord
1 Sleep
2 Carrion Swarm
2 Lich
1 Frost Nova
1 Dark Ritual
» actions
| Assign group hotkey | 72 | |
| Basic commands | 197 | |
| Build / train | 88 | |
| ESC pressed | 2 | |
| Enter build submenu | 28 | |
| Enter hero's abilities submenu | 11 | |
| Give item / drop item | 7 | |
| Remove unit from queue | 7 | |
| Right click | 1371 | |
| Select / deselect | 273 | |
| Select group hotkey | 489 | |
| Use ability | 133 | |
2678 total
» units
| Acolyte | 12 | |
| Ghoul | 2 | |
| Crypt Fiend | 3 | |
| Furbolg Shaman | 1 | |
| Goblin Shredder | 1 | |
| Gargoyle | 11 | |
30 total
» upgrades
| Creature Attack | 2 | |
| Web | 1 | |
| Creature Carapace | 1 | |
4 total
» buildings
| Graveyard | 2 | |
| Crypt | 3 | |
| Ziggurat | 14 | |
| Altar of Darkness | 1 | |
| Tomb of Relics | 1 | |
| Necropolis | 2 | |
| Halls of the Dead | 2 | |
| Nerubian Tower | 2 | |
| Black Citadel | 1 | |
| Spirit Tower | 2 | |
| Sacrificial Pit | 1 | |
31 total
» build order
00:18 Graveyard
00:24 Graveyard
00:34 Crypt
00:44 Ziggurat
01:00 Ziggurat
01:11 Altar of Darkness
02:00 Tomb of Relics
02:34 Ziggurat
05:06 Necropolis
05:34 Halls of the Dead
05:37 Ziggurat
05:52 Nerubian Tower
07:16 Ziggurat
07:23 Ziggurat
07:25 Ziggurat
07:50 Ziggurat
08:11 Ziggurat
09:43 Black Citadel
11:42 Spirit Tower
11:46 Ziggurat
11:49 Nerubian Tower
11:54 Ziggurat
11:58 Spirit Tower
12:21 Sacrificial Pit
13:15 Ziggurat
13:20 Ziggurat
13:21 Ziggurat
13:37 Crypt
13:53 Crypt
17:04 Necropolis
17:09 Halls of the Dead
» items
| Rod of Necromancy | 7 | |
| Scroll of Regeneration | 3 | |
| Boots of Speed | 2 | |
| Sacrificial Skull | 1 | |
| Orb of Corruption | 1 | |
| Scroll of Healing | 5 | |
| Scroll of Town Portal | 3 | |
| Orb of Fire | 1 | |
| Potion of Lesser Invulnerability | 2 | |
| Scroll of Protection | 1 | |
26 total
TheLunatic (
green | 50 APM | 1090 actions | 21:39)
4 Archmage
2 Summon Water Elemental
1 Brilliance Aura
1 Blizzard
2 Mountain King
1 Storm Bolt
1 Bash
» actions
| Assign group hotkey | 33 | |
| Build / train | 50 | |
| Enter build submenu | 29 | |
| Enter hero's abilities submenu | 6 | |
| Remove unit from queue | 1 | |
| Right click | 448 | |
| Select / deselect | 286 | |
| Select group hotkey | 182 | |
| Use ability | 54 | |
1090 total
» units
| Peasant | 8 | |
| Footman | 1 | |
| Rifleman | 6 | |
| Mortar Team | 1 | |
| Siege Engine | 2 | |
18 total
» upgrades
| Gunpowder | 1 | |
| Armor | 1 | |
| Masonry | 2 | |
| Lumber Harvesting | 0 | |
| Fragmentation Shards | 1 | |
| Flare | 1 | |
| Barrage | 1 | |
7 total
» buildings
| Altar of Kings | 1 | |
| Farm | 7 | |
| Barracks | 1 | |
| Blacksmith | 1 | |
| Arcane Vault | 1 | |
| Scout Tower | 5 | |
| Keep | 1 | |
| Arcane Tower | 1 | |
| Lumber Mill | 1 | |
| Guard Tower | 4 | |
| Castle | 1 | |
| Workshop | 3 | |
| Town Hall | 2 | |
29 total
» build order
00:07 Altar of Kings
00:11 Farm
00:16 Barracks
01:46 Blacksmith
02:44 Farm
04:38 Arcane Vault
05:11 Farm
05:52 Scout Tower
06:17 Keep
06:24 Arcane Tower
06:26 Scout Tower
06:30 Lumber Mill
06:59 Farm
07:38 Guard Tower
08:36 Farm
08:41 Castle
09:54 Workshop
09:59 Workshop
10:06 Scout Tower
11:45 Workshop
11:49 Farm
12:32 Guard Tower
12:35 Scout Tower
12:48 Farm
12:54 Scout Tower
14:22 Guard Tower
14:52 Guard Tower
20:10 Town Hall
20:18 Town Hall
» items
| Scroll of Regeneration | 1 | |
| Lesser Clarity Potion | 1 | |
| Scroll of Town Portal | 2 | |
| Potion of Lesser Invulnerability | 1 | |
| Scroll of Healing | 1 | |
| Rod of Necromancy | 1 | |
| Potion of Healing | 1 | |
8 total
team 2 (winner)

»
TeamKillerx (
yellow | 53 APM | 1140 actions | 21:39)
6 Goblin Tinker
2 Pocket Factory
3 Engineering Upgrade
1 Robo-Goblin
3 Dark Ranger
2 Silence
1 Black Arrow
» actions
| Assign group hotkey | 10 | |
| Basic commands | 22 | |
| Build / train | 88 | |
| Enter build submenu | 20 | |
| Enter hero's abilities submenu | 9 | |
| Give item / drop item | 3 | |
| Right click | 555 | |
| Select / deselect | 223 | |
| Select group hotkey | 141 | |
| Use ability | 69 | |
1140 total
» units
| Wisp | 18 | |
| Huntress | 7 | |
| Goblin Shredder | 2 | |
| Furbolg Shaman | 2 | |
| Chimaera | 7 | |
| Hippogryph | 15 | |
| Green Dragon | 2 | |
53 total
» upgrades
| Strength of the Wild | 3 | |
| Reinforced Hides | 2 | |
| Nature's Blessing | 1 | |
| Upgrade Moon Glaive | 1 | |
| Sentinel | 1 | |
| Corrosive Breath | 2 | |
| Well Spring | 1 | |
11 total
» buildings
| Moon Well | 8 | |
| Altar of Elders | 1 | |
| Hunter's Hall | 1 | |
| Ancient of War | 1 | |
| Ancient Protector | 3 | |
| Tree of Life | 3 | |
| Tree of Ages | 3 | |
| Tree of Eternity | 2 | |
| Ancient of Wonders | 1 | |
| Ancient of Wind | 2 | |
| Chimaera Roost | 3 | |
28 total
» build order
00:21 Moon Well
01:00 Altar of Elders
01:33 Hunter's Hall
01:37 Ancient of War
01:56 Moon Well
02:39 Ancient Protector
03:01 Moon Well
04:13 Tree of Life
04:54 Moon Well
05:42 Tree of Ages
05:42 Tree of Ages
05:43 Tree of Ages
06:53 Ancient Protector
08:04 Tree of Eternity
08:04 Tree of Eternity
08:31 Ancient of Wonders
09:09 Ancient of Wind
09:49 Moon Well
09:50 Moon Well
09:50 Moon Well
10:30 Chimaera Roost
10:31 Chimaera Roost
10:32 Chimaera Roost
11:47 Ancient Protector
14:22 Moon Well
17:52 Tree of Life
18:14 Ancient of Wind
20:13 Tree of Life
» items
| Scroll of Town Portal | 2 | |
| Potion of Healing | 1 | |
| Orb of Venom | 1 | |
| Staff of Preservation | 1 | |
| Moonstone | 1 | |
6 total

»
Geno_Mag (
red | 38 APM | 826 actions | 21:39)
6 Dreadlord
3 Sleep
2 Vampiric Aura
1 Inferno
5 Death Knight
3 Death Coil
2 Unholy Aura
» actions
| Assign group hotkey | 78 | |
| Basic commands | 20 | |
| Build / train | 54 | |
| Enter build submenu | 15 | |
| Enter hero's abilities submenu | 11 | |
| Give item / drop item | 1 | |
| Right click | 378 | |
| Select / deselect | 175 | |
| Select group hotkey | 44 | |
| Use ability | 49 | |
826 total
» units
| Acolyte | 8 | |
| Ghoul | 7 | |
| Crypt Fiend | 3 | |
| Obsidian Statue | 2 | |
| Frost Wyrm | 7 | |
| Gargoyle | 1 | |
28 total
» upgrades
| Creature Attack | 3 | |
| Creature Carapace | 3 | |
| Web | 1 | |
| Burrow | 1 | |
| Freezing Breath | 1 | |
9 total
» buildings
| Crypt | 1 | |
| Ziggurat | 9 | |
| Altar of Darkness | 1 | |
| Tomb of Relics | 1 | |
| Halls of the Dead | 1 | |
| Graveyard | 1 | |
| Black Citadel | 1 | |
| Sacrificial Pit | 1 | |
| Slaughterhouse | 1 | |
| Boneyard | 3 | |
20 total
» build order
00:20 Crypt
00:22 Ziggurat
00:54 Ziggurat
01:00 Altar of Darkness
01:17 Tomb of Relics
02:46 Ziggurat
03:41 Halls of the Dead
04:34 Graveyard
04:40 Ziggurat
06:35 Black Citadel
06:41 Sacrificial Pit
06:45 Slaughterhouse
06:54 Ziggurat
06:57 Ziggurat
07:00 Ziggurat
07:01 Ziggurat
07:07 Ziggurat
09:08 Boneyard
09:10 Boneyard
09:11 Boneyard
» items
| Scroll of Town Portal | 1 | |
| Orb of Fire | 1 | |
2 total
IpuToNfOrMyCitY (
blue | 54 APM | 1159 actions | 21:39)
6 Death Knight
3 Death Coil
2 Unholy Aura
1 Animate Dead
3 Crypt Lord
2 Impale
1 Spiked Carapace
» actions
| Assign group hotkey | 26 | |
| Basic commands | 86 | |
| Build / train | 73 | |
| ESC pressed | 4 | |
| Enter build submenu | 29 | |
| Enter hero's abilities submenu | 9 | |
| Give item / drop item | 1 | |
| Remove unit from queue | 2 | |
| Right click | 449 | |
| Select / deselect | 279 | |
| Select group hotkey | 103 | |
| Use ability | 98 | |
1159 total
» units
| Acolyte | 18 | |
| Ghoul | 3 | |
| Crypt Fiend | 10 | |
| Obsidian Statue | 3 | |
| Abomination | 3 | |
37 total
» upgrades
| Creature Attack | 2 | |
| Creature Carapace | 1 | |
| Web | 1 | |
| Disease Cloud | 1 | |
| Destroyer Form | 1 | |
| Unholy Strength | 1 | |
| Unholy Armor | 1 | |
8 total
» buildings
| Graveyard | 1 | |
| Altar of Darkness | 1 | |
| Crypt | 1 | |
| Ziggurat | 14 | |
| Tomb of Relics | 1 | |
| Nerubian Tower | 2 | |
| Halls of the Dead | 1 | |
| Slaughterhouse | 2 | |
| Black Citadel | 1 | |
| Spirit Tower | 3 | |
| Necropolis | 1 | |
28 total
» build order
00:56 Graveyard
00:59 Altar of Darkness
01:04 Crypt
01:06 Ziggurat
01:20 Ziggurat
01:40 Tomb of Relics
02:12 Nerubian Tower
03:42 Ziggurat
04:22 Halls of the Dead
05:31 Ziggurat
06:03 Ziggurat
07:22 Slaughterhouse
07:25 Slaughterhouse
09:37 Ziggurat
09:39 Ziggurat
09:41 Ziggurat
09:44 Ziggurat
09:46 Ziggurat
11:18 Black Citadel
14:32 Ziggurat
14:53 Ziggurat
14:55 Ziggurat
15:41 Ziggurat
16:48 Spirit Tower
16:49 Spirit Tower
16:50 Spirit Tower
16:52 Nerubian Tower
16:54 Necropolis
» items
| Rod of Necromancy | 1 | |
| Scroll of Regeneration | 1 | |
| Potion of Healing | 2 | |
| Potion of Mana | 1 | |
| Scroll of Town Portal | 1 | |
| Orb of Corruption | 1 | |
| Orb of Fire | 1 | |
8 total
warforce9 (
pink | 46 APM | 1001 actions | 21:39)
4 Archmage
2 Blizzard
2 Brilliance Aura
4 Blood Mage
2 Flame Strike
2 Banish
» actions
| Assign group hotkey | 32 | |
| Basic commands | 69 | |
| Build / train | 68 | |
| ESC pressed | 22 | |
| Enter build submenu | 29 | |
| Enter hero's abilities submenu | 9 | |
| Right click | 177 | |
| Select / deselect | 316 | |
| Select group hotkey | 224 | |
| Use ability | 55 | |
1001 total
» units
| Peasant | 16 | |
| Rifleman | 18 | |
| Mortar Team | 4 | |
| Sorceress | 7 | |
45 total
» upgrades
| Gunpowder | 3 | |
| Lumber Harvesting | 1 | |
| Armor | 2 | |
| Sorceress Training | 2 | |
8 total
» buildings
| Blacksmith | 1 | |
| Altar of Kings | 1 | |
| Farm | 13 | |
| Barracks | 3 | |
| Town Hall | 1 | |
| Lumber Mill | 1 | |
| Keep | 1 | |
| Scout Tower | 2 | |
| Arcane Vault | 1 | |
| Guard Tower | 2 | |
| Castle | 1 | |
| Gryphon Aviary | 2 | |
| Arcane Sanctum | 2 | |
| Workshop | 1 | |
32 total
» build order
00:12 Blacksmith
00:17 Altar of Kings
00:23 Farm
01:45 Barracks
02:09 Barracks
02:26 Farm
02:35 Farm
03:17 Farm
04:10 Farm
05:07 Town Hall
06:22 Lumber Mill
07:11 Keep
07:48 Scout Tower
07:50 Scout Tower
08:17 Arcane Vault
08:31 Guard Tower
08:37 Guard Tower
09:45 Castle
10:24 Farm
10:26 Farm
11:56 Farm
13:22 Gryphon Aviary
13:23 Gryphon Aviary
14:10 Arcane Sanctum
14:16 Workshop
16:36 Barracks
16:55 Farm
16:56 Farm
16:59 Farm
17:15 Arcane Sanctum
18:52 Farm
19:26 Farm
» items
Chat log
(00:23 / All) TheLunatic: lol gg with yellow
(00:27 / All) TheLunatic: he's gonna tk u
(00:49 / All) RETARDEDH0M0: i love this map
(00:52 / Allies) TALONSAREIMBA: its dumb
(00:57 / All) RETARDEDH0M0: this is the best map everrrrrrrrrrr
(00:58 / All) warforce9: you even talk like a retard homo
(01:03 / All) RETARDEDH0M0: duh
(01:05 / All) RETARDEDH0M0: i am
(01:15 / All) RETARDEDH0M0: and guess what
(01:21 / All) warforce9: it was more of a statement wasnt expecting you to speak
(01:24 / All) RETARDEDH0M0: come on
(01:28 / All) RETARDEDH0M0: guess what
(01:29 / All) warforce9: ok sorry
(01:33 / All) warforce9: si
(01:43 / All) RETARDEDH0M0: si?
(01:52 / All) warforce9: doont you speak german you fuck tard
(01:57 / All) TheLunatic: i think pink is mexican
(02:03 / All) RETARDEDH0M0: oh
(02:04 / All) TheLunatic: si is spanish, idiot
(02:07 / All) RETARDEDH0M0: mejican
(02:13 / All) RETARDEDH0M0: come esta
(02:17 / All) warforce9: green shut up your inbred face
(02:20 / All) RETARDEDH0M0: el gran cacahuete
(02:34 / All) TheLunatic: lol pink. mad cuz my dog ate your dick last night?
(02:41 / All) RETARDEDH0M0: ohhhhhhhhhhhh
(02:44 / All) warforce9: haha... that was a good try
(02:44 / All) RETARDEDH0M0: u gonna take that
(02:51 / All) warforce9: dude you dont wanna see me when im angry
(02:55 / All) RETARDEDH0M0: do dogs like mejican dick?
(03:03 / All) TheLunatic: of course i dont want to. u look like a fag when u are angry
(03:07 / All) TheLunatic: well, you are a fag anyways
(03:09 / All) RETARDEDH0M0: i am
(03:24 / Allies) TALONSAREIMBA: wow
(03:25 / Allies) TALONSAREIMBA: this is so dumb
(03:29 / Allies) TALONSAREIMBA: my fucking mk
(03:31 / All) warforce9: green you bite your tongue
(03:33 / Allies) TALONSAREIMBA: cant move through that huge hole
(03:46 / All) RETARDEDH0M0: i love being gay
(03:48 / All) TheLunatic: yeah yeah i bite my tongue, but you bite your own dick lol
(03:59 / All) warforce9: that was fresh
(04:10 / All) TheLunatic: wow ur dick was fresh?
(04:13 / All) warforce9: yes it is
(04:15 / All) warforce9: i shower
(04:32 / Allies) RETARDEDH0M0: green u have shop
(04:34 / All) TheLunatic: semen sprayed on you isnt a shower, pink
(04:40 / Allies) TheLunatic: im ont it
(04:57 / Allies) RETARDEDH0M0: speed it
(05:11 / Allies) RETARDEDH0M0: speed make it
(05:17 / Allies) TheLunatic: wtf
(05:20 / Allies) TheLunatic: calm down, homo
(05:24 / Allies) RETARDEDH0M0: i need heal
(06:23 / Allies) TALONSAREIMBA: welp
(06:36 / Allies) TheLunatic: welp? lol
(06:40 / Allies) RETARDEDH0M0: green
(06:53 / Allies) ETrapedmydog: im b
(07:21 / Allies) TALONSAREIMBA: might need help top
(07:46 / Allies) RETARDEDH0M0: 100 wood plz
(07:57 / Allies) RETARDEDH0M0: omg
(07:58 / Allies) RETARDEDH0M0: green
(07:59 / Allies) RETARDEDH0M0: spend
(08:05 / Allies) RETARDEDH0M0: give me back that 100g
(08:07 / Allies) RETARDEDH0M0: i gave u
(08:11 / Allies) TheLunatic: lol
(08:16 / Allies) RETARDEDH0M0: seriously
(08:36 / Allies) RETARDEDH0M0: we have wood issues
(09:14 / Allies) RETARDEDH0M0: green tp
(09:33 / Allies) TheLunatic: wtf why tping?
(09:37 / Allies) TheLunatic: lol teal
(09:46 / Allies) ETrapedmydog: al;l plz
(12:06 / Allies) RETARDEDH0M0: i tp
(12:08 / Allies) RETARDEDH0M0: ?
(12:13 / Allies) TheLunatic: i will
(13:12 / Allies) TALONSAREIMBA: woah a lot of frost wyrms allert
(13:24 / Allies) RETARDEDH0M0: gyros?
(13:26 / Allies) TheLunatic: are tehy massing frosties?
(13:43 / Allies) RETARDEDH0M0: gyros fast
(13:52 / Allies) TheLunatic: tanks would be better
(13:56 / Allies) TheLunatic: frosties rape gyros
(15:07 / Allies) ETrapedmydog: tp dammit
(15:20 / Allies) RETARDEDH0M0: green u ready?
(15:22 / Allies) RETARDEDH0M0: why u south
(15:32 / Allies) TALONSAREIMBA: oj tp
(15:46 / Allies) TheLunatic: so much fucking air
(16:15 / Allies) TheLunatic: u guys really suck
(17:12 / Allies) RETARDEDH0M0: jesus greemn
(19:03 / Allies) ETrapedmydog: gold plz purple
(19:12 / Allies) TheLunatic: wood plz
(19:24 / Allies) TheLunatic: damn teal u have 2000 wood
(19:26 / Allies) TheLunatic: share some
(19:49 / Allies) TheLunatic: are u guys sharing wood or not?
(19:59 / Allies) TheLunatic: thanks oj
(20:14 / Allies) ETrapedmydog: gold plz
(20:25 / Allies) ETrapedmydog: tp
(21:35 / All) RETARDEDH0M0: gg